 Dungeon Crawl Stone Soup version 0.26-a0-651-gb41185065b (webtiles) character file.

Game seed: 14595179105840108867

112 Irenicus the Chopper (level 4, -2/39 HPs)
             Began as a Deep Dwarf Gladiator on Oct 4, 2020.
             Hit by a boomerang thrown by an orc (5 damage)
             ... on level 3 of the Dungeon.
             The game lasted 00:07:46 (1217 turns).

Irenicus the Chopper (Deep Dwarf Gladiator)         Turns: 1217, Time: 00:07:46

Health: -2/39      AC:  5    Str: 17    XL:     4   Next: 64%
Magic:  4/4        EV: 13    Int:  9    God:
Gold:   107        SH:  0    Dex: 15    Spells: 3/3 levels left

rFire    . . .     SeeInvis .   j - +0 hand axe
rCold    . . .     Faith    .   (no shield)
rNeg     . . .     Spirit   .   b - +0 leather armour
rPois    .         Reflect  .   c - +0 helmet
rElec    .         Harm     .   (no cloak)
rCorr    .         Rampage  .   h - +0 pair of gloves
MR       .....                  (no boots)
Stlth    +.........             (no amulet)
HPRegen  0.00/turn              (no ring)
MPRegen  0.09/turn              (no ring)

@: non-regenerating
A: damage resistance, heal wounds, sense surroundings 1, no regeneration
a: Heal Wounds


You were on level 3 of the Dungeon.
You visited 1 branch of the dungeon, and saw 3 of its levels.

You collected 107 gold pieces.

Inventory:

Hand Weapons
 a - a +0 war axe
 j - a +0 hand axe (weapon)
   (You found it on level 1 of the Dungeon)
Missiles
 g - 3 poisoned darts (quivered)
 q - a throwing net {=f, !d}
Armour
 b - a +0 leather armour (worn)
 c - a +0 helmet (worn)
 f - a +1 helmet
   (You took it off Robin on level 3 of the Dungeon)
 h - a +0 pair of gloves (worn)
   (You found it on level 1 of the Dungeon)
 m - a +2 buckler
   (You found it on level 2 of the Dungeon)
Jewellery
 p - an uncursed ring of resist corrosion
   (You took it off a kobold on level 2 of the Dungeon)
Scrolls
 d - a scroll of remove curse {unknown}
 e - 3 scrolls of identify {unknown}
 i - 2 scrolls of fear {unknown}
 k - a scroll of enchant armour {unknown}
 l - 3 scrolls of amnesia {unknown}
 n - a scroll of noise {unknown}


   Skills:
 - Level 1.7 Fighting
 + Level 6.0 Axes
 - Level 1.7 Throwing
 - Level 3.2 Dodging


You had 3 spell levels left.
You didn't know any spells.
Your spell library was empty.

Dungeon Overview and Level Annotations

Branches:
Dungeon (3/15)

Altars:
Okawaru


Innate Abilities, Weirdness & Mutations

You are resistant to damage.
You can heal yourself by infusing magical energy.
You passively map a small area around you.
You do not regenerate.


Message History

An orc comes into view. It is wielding a +0 hand axe.
Okay, then.
Throwing (i - inventory)
g - 16 poisoned darts (quivered)
Press: ? - help, Shift-Dir - straight line, f - orc
Aim: an orc, wielding a +0 hand axe You throw a poisoned dart.
The poisoned dart barely misses the orc.
Throwing (i - inventory)
g - 15 poisoned darts (quivered)
Press: ? - help, Shift-Dir - straight line, f/p - orc
Aim: an orc, wielding a +0 hand axe You throw a poisoned dart.
The poisoned dart hits the orc.
The orc is poisoned.
An orc comes into view. It is wielding a +0 flail.
Throwing (i - inventory)
g - 14 poisoned darts (quivered)
Press: ? - help, Shift-Dir - straight line, f/p - orc
Aim: an orc, wielding a +0 hand axe (lightly wounded, poisoned)
You throw a poisoned dart. The poisoned dart hits the orc.
The orc looks even sicker.
The orc is lightly wounded.
The orc shouts!
Throwing (i - inventory)
g - 13 poisoned darts (quivered)
Press: ? - help, Shift-Dir - straight line, f/p - orc
Aim: an orc, wielding a +0 hand axe (lightly wounded, very poisoned)
You throw a poisoned dart.
The poisoned dart barely misses the orc.
The orc barely misses you.
You see here 2 stones.
Things that are here:
a +0 dagger; a goblin corpse You kill the orc!
Throwing (i - inventory)
g - 12 poisoned darts (quivered)
Press: ? - help, Shift-Dir - straight line, f - orc
Aim: an orc, wielding a +0 flail and wearing a +0 chain mail You throw a poisoned dart.
The poisoned dart hits the orc.
The orc is poisoned.
Throwing (i - inventory)
g - 11 poisoned darts (quivered)
Press: ? - help, Shift-Dir - straight line, f/p - orc
Aim: an orc, wielding a +0 flail and wearing a +0 chain mail (poisoned)
You throw a poisoned dart. The poisoned dart hits the orc.
Throwing (i - inventory)
g - 10 poisoned darts (quivered)
Press: ? - help, Shift-Dir - straight line, f/p - orc
Aim: an orc, wielding a +0 flail and wearing a +0 chain mail (lightly wounded, poisoned)
You throw a poisoned dart.
The poisoned dart closely misses the orc.
Throwing (i - inventory)
g - 9 poisoned darts (quivered)
Press: ? - help, Shift-Dir - straight line, f/p - orc
Aim: an orc, wielding a +0 flail and wearing a +0 chain mail (lightly wounded, poisoned)
You throw a poisoned dart. The poisoned dart hits the orc.
The orc looks even sicker.
The orc is lightly wounded.
Throwing (i - inventory)
g - 8 poisoned darts (quivered)
Press: ? - help, Shift-Dir - straight line, f/p - orc
Aim: an orc, wielding a +0 flail and wearing a +0 chain mail (lightly wounded, very poisoned)
Okay, then.
You see here a stone.
You slash the orc!
You kill the orc!
Things that are here:
a +0 flail; a +0 chain mail Autopickup is now off.
An orc comes into view. It is wielding a -3 mace.
The orc throws a boomerang.
The boomerang hits you but does no damage.
The weapon returns to the orc!
The orc throws a boomerang.
The boomerang misses you.
The weapon returns to the orc!
Things that are here:
a +0 dagger; a goblin corpse Throwing (i - inventory)
g - 8 poisoned darts (quivered)
Press: ? - help, Shift-Dir - straight line, f - orc
Aim: an orc, wielding a -3 mace and quivering 4 boomerangs You throw a poisoned dart.
The poisoned dart closely misses the orc.
The orc throws a boomerang.
The boomerang hits you.
The weapon returns to the orc!
Throwing (i - inventory)
g - 7 poisoned darts (quivered)
Press: ? - help, Shift-Dir - straight line, f/p - orc
Aim: an orc, wielding a -3 mace and quivering 4 boomerangs You throw a poisoned dart.
The poisoned dart closely misses the orc.
The orc throws a boomerang.
The boomerang hits you but does no damage.
The weapon returns to the orc!
Throwing (i - inventory)
g - 6 poisoned darts (quivered)
Press: ? - help, Shift-Dir - straight line, f/p - orc
Aim: an orc, wielding a -3 mace and quivering 4 boomerangs You throw a poisoned dart.
The poisoned dart hits the orc.
The orc is poisoned.
Throwing (i - inventory)
g - 5 poisoned darts (quivered)
Press: ? - help, Shift-Dir - straight line, f/p - orc
Aim: an orc, wielding a -3 mace and quivering 4 boomerangs (poisoned)
You throw a poisoned dart. The poisoned dart hits the orc.
The orc looks even sicker.
The orc throws a boomerang.
The boomerang hits you.
* * * LOW HITPOINT WARNING * * *
The weapon returns to the orc!
You take 1 damage, and have 3/39 hp.
Throwing (i - inventory)
g - 4 poisoned darts (quivered)
Press: ? - help, Shift-Dir - straight line, f/p - orc
Aim: an orc, wielding a -3 mace and quivering 4 boomerangs (very poisoned)
You throw a poisoned dart.
The poisoned dart closely misses the orc.
The orc throws a boomerang.
The boomerang hits you.
You die...

####.#...#.###.......#
#.##(.#.###..###### ,
,...#..........####
*##................#
.....[.....#.###(# ,
,........#(##.# #)# .
##......#.##.###.#
,.............# ,
......##.@..)# ....
#####o# ...,* #)# ##,
#o# * ((., * , #(##. ,
, (. .# , .#(* # * ,
*.#< ,


You could see an orc (very poisoned).

Vanquished Creatures
  Terence (D:3)
  Robin (D:3)
  An ooze (D:2)
  3 dart slugs (D:1)
  A leopard gecko (D:3)
  2 orcs (D:3)
  A giant cockroach (D:2)
  12 goblins
  12 hobgoblins
  4 jackals (D:1)
  6 bats
  A frilled lizard (D:2)
  6 kobolds
  6 rats
57 creatures vanquished.

Notes
Turn   | Place    | Note
-------+----------+-------------------------------------------
     0 | D:1      | Irenicus the Deep Dwarf Gladiator began the quest for the
                  | Orb.
     0 | D:1      | Reached XP level 1. HP: 19/19 MP: 1/1
   169 | D:1      | Reached skill level 4 in Axes
   169 | D:1      | Reached XP level 2. HP: 23/26 MP: 2/2
   531 | D:2      | Found an iron altar of Okawaru.
   581 | D:1      | Reached XP level 3. HP: 23/32 MP: 3/3
   748 | D:2      | Reached skill level 5 in Axes
  1018 | D:3      | Noticed Terence
  1041 | D:3      | HP: 6/32 [Terence/+0 flail (4)]
  1042 | D:3      | Killed Terence
  1042 | D:3      | Reached XP level 4. HP: 8/39 MP: 4/4
  1101 | D:3      | HP: 5/39 [hobgoblin (3)]
  1145 | D:3      | Noticed Robin
  1161 | D:3      | HP: 6/58 [Robin/goblin (1)]
  1173 | D:3      | Killed Robin
  1178 | D:3      | Reached skill level 6 in Axes
  1213 | D:3      | HP: 3/39 [orc/boomerang (1)]
  1217 | D:3      | Hit by a boomerang thrown by an orc

Illustrated notes

Levels and vault maps discovered:
D:1:      saegor_arrival_under_anarchy, layout_basic
D:2:      layout_basic, lemuel_round_altar
D:3:      layout_basic, minmay_diced_spiral, uniq_terence, uniq_robin

Skill      XL: |  1  2  3  4 |
---------------+-------------+-----
Axes           | 4 5 6 |  6.0
Fighting       | |  1.7
Throwing       | |  1.7
Dodging        | |  3.2

Action                   |  1- 3 |  4- 6 || total
-------------------------+-------+-------++-------
Melee: War axe           |    49 |       ||    49
       Hand axe          |    88 |    38 ||   126
Throw: Dart              |     3 |    29 ||    32
       Throwing net      |     3 |       ||     3
  Use: Potion            |       |     2 ||     2
 Stab: Held in net/web   |     1 |       ||     1
Armor: Leather armour    |    42 |     6 ||    48
       Skin              |       |    19 ||    19
Dodge: Dodged            |   113 |    12 ||   125
Block: Buckler           |    22 |       ||    22

Table legend: (Time is in decaauts)
 A = Elapsed time spent in this place.
 B = Non-inter-level travel time spent in this place.
 C = Inter-level travel time spent in this place.
 D = Time resting spent in this place.
 E = Time spent auto-exploring this place.
 F = Levels seen in this place.
 G = Mean time per level.
                   A        B        C        D        E       F      G
               +--------+--------+--------+--------+--------+-----+--------+
         Total |   1223 |   1153 |     70 |      4 |      0 |   3 |  407.7 |
       Dungeon |   1223 |   1153 |     70 |      4 |      0 |   3 |  407.7 |
               +--------+--------+--------+--------+--------+-----+--------+

Top non-repeatable levels by time:
     D:1: 577 daAuts
     D:2: 448 daAuts
     D:3: 198 daAuts

Table legend:
 A = Kills in this place as a percentage of kills in entire the game.
 B = Kills by you in this place as a percentage of kills by you in the entire game.
 C = Kills by friends in this place as a percentage of kills by friends in the entire game.
 D = Other kills in this place as a percentage of other kills in the entire game.
 E = Experience gained in this place as a percentage of experience gained in the entire game.
 F = Experience gained in this place divided by the number of levels of this place that you have seen.
                   A       B       C       D       E      F
               +-------+-------+-------+-------+-------+----------------------
         Total | 100.0 | 100.0 |   N/A |   N/A | 100.0 |  53.7
       Dungeon | 100.0 | 100.0 |   N/A |   N/A | 100.0 |  53.7
               +-------+-------+-------+-------+-------+----------------------
